 Dungeon Crawl Stone Soup version 0.27-a0-808-g60bc5d92e6 (webtiles) character file.

Game seed: 12238137569339971680

147 funkygono the Magician (level 5, -8/35 HPs)
             Began as a Djinni Fire Elementalist on Mar 28, 2021.
             Mangled by an ogre
             ... wielding a +0 giant club
              (25 damage)
             ... on level 4 of the Dungeon.
             The game lasted 00:05:49 (3331 turns).

funkygono the Magician (Djinni Fire Elementalist)   Turns: 3331, Time: 00:05:50

Health: -8/35      AC:  4    Str:  7    XL:     5   Next: 29%
Gold:   163        EV: 13    Int: 17    God:
                   SH:  0    Dex: 20

rFire    + + .     SeeInvis .   k - +0 falchion (flame)
rCold    x . .     Faith    .   (no shield)
rNeg     . . .     Spirit   .   a - +0 robe
rPois    ∞         Reflect  .   (no helmet)
rElec    .         Harm     .   (no cloak)
rCorr    .         Rampage  .   i - +1 pair of gloves
Will     .....                  (boots unavailable)
Stlth    ++........             (no amulet)
HPRegen  0.11/turn              p - +6 ring of dexterity
MPRegen  0.00/turn              (no ring)

@: flying
A: fire resistance 2, cold vulnerability 1, float, innate caster, hp casting,
extra vitality 1
a: no special abilities


You were on level 4 of the Dungeon.
You visited 1 branch of the dungeon, and saw 4 of its levels.

You collected 163 gold pieces.

Inventory:

Hand Weapons
 b - a +0 dagger
 c - a +2 whip of flaming
 f - a +0 long sword
 k - a +0 falchion of flaming (weapon)
Armour
 a - a +0 robe (worn)
 i - a +1 pair of gloves (worn)
 l - a +0 ring mail
Jewellery
 p - a +6 ring of dexterity (left hand)
Wands
 q - a wand of digging (1)
Scrolls
 d - a scroll of identify
Potions
 e - a potion of lignification
 g - 4 potions of curing
 h - a potion of invisibility
 j - 2 potions of might {unknown}
 m - 2 potions of brilliance


   Skills:
 * Level 0.9 Armour
 + Level 2.5 Dodging
 + Level 1.8 Stealth
 * Level 4.6 Spellcasting


You couldn't memorise any spells.
You knew the following spells:

 Your Spells              Type           Power      Damage    Failure   Level
a - Foxfire               Conj/Fire      76%        2x1d7     2%          1
b - Conjure Flame         Conj/Fire      19%        6-21      7%          3
c - Inner Flame           Hex/Fire       19%        N/A       7%          3
d - Sticky Flame          Conj/Fire      19%        2d4       22%         4
e - Fireball              Conj/Fire      9%         3d6       52%         5
f - Magic Dart            Conj           76%        1d6       2%          1
g - Ensorcelled Hibernat  Hex/Ice        38%        N/A       3%          2
Your spell library was empty.

Dungeon Overview and Level Annotations

Branches:
Dungeon (4/15)
 Temple: D:4-7

Altars:
Gozag
Zin


Innate Abilities, Weirdness & Mutations

You are immune to poison.
Your flesh is very heat resistant. (rF++)
You are vulnerable to cold. (rC-)
You float through the air rather than walking.
You learn spells naturally, not from books.
Your magical power is your life essence.
You have superior vitality. (+4 HP)


Message History

The hobgoblin shouts!
Casting: Foxfire (safe; 2% risk of failure)
Confirm with . or Enter, or press ? or * to list all spells.
You conjure some foxfire!
The foxfire hits the ogre!
The ogre is moderately wounded.
The foxfire hits the ogre.
The ogre is heavily wounded.
Unknown command.
Casting: Foxfire (safe; 2% risk of failure)
Confirm with . or Enter, or press ? or * to list all spells.
You conjure some foxfire!
The foxfire hits the hobgoblin.
You kill the hobgoblin!
The foxfire hits the ogre but does no damage.
The ogre is heavily wounded.
Unknown command.
Casting: Foxfire (safe; 2% risk of failure)
Confirm with . or Enter, or press ? or * to list all spells.
You conjure some foxfire!
The foxfire hits the ogre.
The ogre is heavily wounded.
Unknown command.
Casting: Foxfire (safe; 2% risk of failure)
Confirm with . or Enter, or press ? or * to list all spells.
You conjure some foxfire!
The foxfire hits the ogre.
The ogre is severely wounded.
The ogre misses you.
Unknown command.
Casting: Foxfire (safe; 2% risk of failure)
Confirm with . or Enter, or press ? or * to list all spells.
You conjure some foxfire!
The foxfire hits the ogre.
The ogre is almost dead.
The ogre hits you with a +0 giant club!
Unknown command.
Casting: Foxfire (safe; 2% risk of failure)
Confirm with . or Enter, or press ? or * to list all spells.
You conjure some foxfire!
The foxfire hits the ogre but does no damage.
The ogre is almost dead.
The ogre hits you with a +0 giant club!!
Ouch! That really hurt!
You die...

#.# #.. ...
#.# #.# #.#
##O## #.@v##
?.....###.##
####.
##.#### ..
#....# ##
##..#.#
###.#.#.#
...#....#
....<.#..#
#####....#


You could see an ogre (ally target).

Vanquished Creatures
  7 adders
  An adder skeleton (D:4)
  2 worms (D:3)
  A dart slug (D:1)
  5 orcs (D:3)
  6 ball pythons
  6 endoplasms
  3 giant cockroaches
  A goblin (D:1)
  7 hobgoblins
  9 jackals
  2 quokkas
  3 bats
  2 frilled lizards
  7 kobolds
  4 rats
66 creatures vanquished.

Vanquished Creatures (others)
  199 foxfires
199 creatures vanquished.

Grand Total: 265 creatures vanquished

Notes
Turn   | Place    | Note
-------+----------+-------------------------------------------
     0 | D:1      | funkygono the Djinni Fire Elementalist began the quest for
                  | the Orb.
     0 | D:1      | Reached XP level 1. HP: 15/15 MP: 0/0
   192 | D:1      | Reached skill level 3 in Spellcasting
   329 | D:1      | Reached XP level 2. HP: 17/21 MP: 0/0
   975 | D:1      | Reached XP level 3. HP: 12/25 MP: 0/0
   975 | D:1      | Learned a level 1 spell: Magic Dart
  1754 | D:2      | Reached skill level 4 in Spellcasting
  1754 | D:2      | Reached XP level 4. HP: 29/31 MP: 0/0
  2082 | D:2      | Found an opulent altar of Gozag.
  2910 | D:3      | Found a glowing silver altar of Zin.
  2976 | D:3      | Reached XP level 5. HP: 33/35 MP: 0/0
  2976 | D:3      | Learned a level 2 spell: Ensorcelled Hibernation
  3213 | D:3      | Found an opulent altar of Gozag.
  3322 | D:4      | Noticed an ogre
  3331 | D:4      | Mangled by an ogre

Illustrated notes

Levels and vault maps discovered:
D:1:      evilmike_arrival_fibonacci_small, layout_basic
D:2:      layout_loops_ring, nicolae_gozag_cash_rules_everything_around_me
D:3:      layout_rooms, pdpol_temple_overflow_zin_treasury_gozag_greed
D:4:      layout_loops_ring, grunt_temple_overflow_cloverleaf, temple_hall,
          lightli_sewer_entry_pipes, uniq_crazy_yiuf_cottage

Skill      XL: |  1  2  3 |
---------------+----------+-----
Spellcasting   | 3 4 |  4.6
Armour         | |  0.9
Dodging        | |  2.5
Stealth        | |  1.8

Action                   |  1- 3 |  4- 6 || total
-------------------------+-------+-------++-------
 Cast: Foxfire           |    53 |    71 ||   124
  Use: Scroll            |     5 |     5 ||    10
Armor: Robe              |     1 |       ||     1
Dodge: Dodged            |    11 |     6 ||    17
       Rpst.: Falchion   |       |     1 ||     1

Table legend: (Time is in decaauts)
 A = Elapsed time spent in this place.
 B = Non-inter-level travel time spent in this place.
 C = Inter-level travel time spent in this place.
 D = Time resting spent in this place.
 E = Time spent auto-exploring this place.
 F = Levels seen in this place.
 G = Mean time per level.
                   A        B        C        D        E       F      G
               +--------+--------+--------+--------+--------+-----+--------+
         Total |   3328 |   3269 |     59 |      0 |   2787 |   4 |  832.0 |
       Dungeon |   3328 |   3269 |     59 |      0 |   2787 |   4 |  832.0 |
               +--------+--------+--------+--------+--------+-----+--------+

Top non-repeatable levels by time:
     D:1: 1502 daAuts
     D:2: 1021 daAuts
     D:3: 723 daAuts
     D:4: 80 daAuts
